 Dungeon Crawl Stone Soup version 0.21.1-1-g345015fe64 (webtiles) character file.

58 LevaFresel the Bolt Thrower (level 4, -9/27 HPs)
             Began as a Kobold Hunter on June 9, 2018.
             Was an Initiate of Nemelex Xobeh.
             Mangled by Crazy Yiuf
             ... wielding a +3 quarterstaff of chaos
              (15 damage)
             ... on level 2 of the Dungeon.
             The game lasted 00:09:42 (2157 turns).

LevaFresel the Bolt Thrower (Kobold Hunter)         Turns: 2157, Time: 00:09:44

Health: -9/27      AC:  9    Str: 10    XL:     4   Next: 20%
Magic:  3/4        EV: 11    Int: 12    God:    Nemelex Xobeh [......]
Gold:   78         SH:  0    Dex: 15    Spells: 3/3 levels left

rFire    . . .     SeeInvis .   a - +2 hand crossbow
rCold    . . .     Gourm    .   (shield restricted)
rNeg     . . .     Faith    .   j - +0 scale mail
rPois    .         Spirit   .   (no helmet)
rElec    .         Reflect  .   l - +1 cloak
rCorr    .         Harm     .   h - +0 pair of gloves
MR       .....                  (no boots)
Stlth    +.........             (no amulet)
HPRegen  0.09/turn              (no ring)
MPRegen  0.09/turn              (no ring)

@: no status effects
A: small, carnivore
a: Renounce Religion


You were on level 2 of the Dungeon.
You worshipped Nemelex Xobeh.
Nemelex Xobeh was noncommittal.
You were completely stuffed.

You visited 1 branch of the dungeon, and saw 3 of its levels.

You collected 78 gold pieces.

Inventory:

Hand Weapons
 a - a +2 hand crossbow (weapon)
 b - a +0 short sword
Missiles
 d - 7 bolts (quivered)
Armour
 c - a +0 leather armour
 h - a +0 pair of gloves (worn)
 i - a +0 plate armour
 j - a +0 scale mail (worn)
 l - a +1 cloak (worn)
Jewellery
 k - a +1 ring of evasion {unknown}
Potions
 e - a potion of flight {unknown}
 g - a potion of brilliance {unknown}
 m - a potion of berserk rage {unknown}
 o - 2 potions of heal wounds {unknown}
Miscellaneous
 q - a plain deck of escape {drawn: 1}
Comestibles
 f - 2 rations


   Skills:
 + Level 2.7 Fighting
 + Level 1.5 Short Blades
 * Level 5.4 Crossbows
 + Level 0.8 Armour
 + Level 2.9 Dodging
 - Level 2.0 Stealth
 + Level 0.0 Invocations


You had 3 spell levels left.
You didn't know any spells.

Dungeon Overview and Level Annotations

Branches:
Dungeon (3/15)

Altars:
Nemelex Xobeh
Ru
Wu Jian
Zin

Annotations:
D:2 Crazy Yiuf


Innate Abilities, Weirdness & Mutations

You are small and have problems with some larger weapons.
You are carnivorous and can eat meat at any time.


Message History

You shoot a bolt. The bolt barely misses Crazy Yiuf.
Crazy Yiuf hits you with a quarterstaff of chaos.
You feel your power leaking away.
Firing (i - inventory):
d - 9 bolts (quivered)
Press: ? - help, Shift-Dir - straight line, f/p - Crazy Yiuf
Aim: Crazy Yiuf, wielding a quarterstaff of chaos and wearing a cloak (severely wounded)
You shoot a bolt. The bolt barely misses Crazy Yiuf.
Crazy Yiuf says, "Citrus!
Castle seventy leg."
Crazy Yiuf closely misses you.
Firing (i - inventory):
d - 8 bolts (quivered)
Press: ? - help, Shift-Dir - straight line, f/p - Crazy Yiuf
Aim: Crazy Yiuf, wielding a quarterstaff of chaos and wearing a cloak (severely wounded)
You shoot a bolt. The bolt hits Crazy Yiuf.
Crazy Yiuf is almost dead.
Crazy Yiuf hits you with a quarterstaff of chaos!
* * * LOW HITPOINT WARNING * * *
You are electrocuted!
Ouch! That really hurt!
You die...
Your body disappears without a glow.

##..#......##.# #.#
#.###........# #.#
##.#.##.###### #.#
######## #.# ##### #.#
♣♣♣♣♣##...# #.# ###
♣♣♣.♣...'.#.# #.#
#...#♣..♣......#.###.#
#(..g@♣♣♣♣............
#)..#♣♣ ♣♣..'...#####
### ♣♣####.# # #...# #
##### # ### ### #
#.####.# # #......# #
######.# #


You could see Crazy Yiuf.

Vanquished Creatures
  An adder (D:2)
  An ooze (D:1)
  A worm (D:2)
  6 leopard geckos
  2 giant cockroaches
  2 goblins
  2 hobgoblins
  A quokka (D:2)
  A ball python (D:2)
  6 bats
  3 frilled lizards
  7 kobolds
  3 rats
36 creatures vanquished.

Notes
Turn   | Place    | Note
-------+----------+-------------------------------------------
     0 | D:1      | LevaFresel the Kobold Hunter began the quest for the Orb.
     0 | D:1      | Reached XP level 1. HP: 12/12 MP: 1/1
   209 | D:1      | Reached XP level 2. HP: 16/17 MP: 2/2
   230 | D:1      | Reached skill level 5 in Crossbows
   850 | D:2      | Reached skill level 1 in Short Blades
   850 | D:2      | Reached XP level 3. HP: 14/22 MP: 3/3
  1546 | D:2      | Found a runed door.
  1724 | D:2      | Found a sacrificial altar of Ru.
  1727 | D:2      | Found an ornate altar of the Wu Jian Council.
  1729 | D:2      | Found a sparkling altar of Nemelex Xobeh.
  1734 | D:2      | Found a glowing silver altar of Zin.
  1738 | D:2      | Became a worshipper of Nemelex Xobeh the Trickster
  1801 | D:2      | Reached XP level 4. HP: 27/27 MP: 4/4
  1884 | D:2      | Received a gift from Nemelex Xobeh
  2145 | D:2      | Noticed Crazy Yiuf
  2157 | D:2      | Mangled by Crazy Yiuf

Skill      XL: |  1  2  3 |
---------------+----------+-----
Crossbows      | 5 |  5.4
Short Blades   | 1 |  1.5
Stealth        | 2 |  2.0
Fighting       | |  2.7
Armour         | |  0.8
Dodging        | |  2.9

Action                   |  1- 3 |  4- 6 || total
-------------------------+-------+-------++-------
Melee: Short sword       |    50 |     7 ||    57
 Fire: Hand crossbow     |    40 |    18 ||    58
Evoke: Deck              |       |     1 ||     1
  Use: Scroll            |     2 |     1 ||     3
  Eat: Chunk             |    10 |     2 ||    12
Armor: Leather armour    |     8 |     1 ||     9
       Scale mail        |       |     2 ||     2
Dodge: Dodged            |    46 |    10 ||    56
